Blues vs Canucks
(R1)
Created - November 2, 2022 at 19:06
Goals
|
| Blues |
1 |
0 |
2 |
3 |
| Canucks |
0 |
1 |
0 |
1 |
|
Shots
|
| Blues |
12 |
6 |
9 |
27 |
| Canucks |
8 |
10 |
6 |
24 |
|
1st period
1. Blues , Auston Matthews 1 (Anthony Mantha 1, Joonas Korpisalo) at 11:37 (PP)
Penalties :
Drew Doughty (Van) for Holding (Minor) at 11:02, Marcus Johansson (Van) for Cross-checking (Minor) at 18:27
2nd period
2. Canucks , Sam Gagner 2 (Robert Nilsson 1, Derick Brassard 1) at 14:24 (PP)
Penalties :
Nicklas Backstrom (Stl) for Roughing (Minor) at 2:26, Daniel Carcillo (Van) for Interference (Minor) at 4:58, Derick Brassard (Van) for Roughing (Minor) at 10:01, Filip Forsberg (Stl) for Interference (Minor) at 13:47, Alex Pietrangelo (Stl) for Holding (Minor) at 14:48, Anthony Mantha (Stl) for Holding (Minor) at 17:27
3rd period
3. Blues , Riley Sheahan 1 (Auston Matthews 1) at 0:41
4. Blues , Tyler Johnson 2 (Drew Shore 1) at 19:13 (Empty Net)
Penalties :
Alexander Semin (Van) for Hooking (Minor) at 6:13, Drew Shore (Stl) for Cross-checking (Minor) at 12:29, Matt Martin (Stl) for Hooking (Minor) at 16:31
Goalie Stats
Joonas Korpisalo (Stl), 23 saves from 24 shots - (0.958), W, 1-0-0, 60:00 minutes
Alexandar Georgiev (Van), 24 saves from 26 shots - (0.923), L, 0-1-0, 59:42 minutes
Players Stats for Blues
Player Name G A P +/- PIM S H SB GA TA FO MP PP MP PK MP
------------------------------------------------------------------------------------
Alex Pietrangelo 0 0 0 0 2 5 1 1 1 2 0/0 21:09 5:04 0:00
Anthony Mantha 0 1 1 0 2 0 1 0 0 0 0/0 12:10 3:42 0:00
Auston Matthews 1 1 2 1 0 1 0 1 2 0 9/14 14:24 3:42 0:12
Brandon Montour 0 0 0 0 0 0 0 2 0 1 0/0 21:43 3:27 4:07
Cody Ceci 0 0 0 2 0 1 2 2 0 1 0/0 17:13 0:00 6:25
David Perron 0 0 0 1 0 1 1 0 0 1 0/1 16:27 3:42 2:15
Devin Shore 0 0 0 0 0 2 0 0 0 0 1/2 9:12 0:00 1:29
Drew Shore 0 1 1 1 2 1 0 0 0 1 7/14 13:33 0:00 4:36
Filip Forsberg 0 0 0 0 2 0 4 1 0 0 0/0 17:58 4:49 0:00
Jacob Slavin 0 0 0 1 0 1 1 1 0 1 0/0 16:50 5:40 0:00
Martin Marincin 0 0 0 0 0 1 0 2 0 0 0/0 19:10 0:00 6:25
Matt Martin 0 0 0 0 2 2 0 0 0 0 0/0 7:38 0:00 0:00
Nick Schmaltz 0 0 0 0 0 3 1 0 0 0 0/1 8:03 0:00 0:00
Nicklas Backstrom 0 0 0 0 2 2 0 1 0 0 12/24 20:31 4:49 2:08
Riley Sheahan 1 0 1 1 0 2 0 0 0 0 1/2 13:17 0:00 2:24
Ryan Murray 0 0 0 1 0 0 1 3 0 1 0/0 24:00 2:51 4:07
Samuel Morin 0 0 0 1 0 0 2 0 0 0 0/0 11:32 0:00 2:24
Tyler Johnson 1 0 1 1 0 5 0 1 1 1 0/0 24:32 4:49 5:36
Players Stats for Canucks
Player Name G A P +/- PIM S H SB GA TA FO MP PP MP PK MP
------------------------------------------------------------------------------------
Alex Goligoski 0 0 0 -1 0 1 1 0 1 0 0/0 20:19 4:36 3:35
Alexander Semin 0 0 0 0 2 1 1 0 0 0 0/0 9:09 0:00 0:44
Brad Boyes 0 0 0 0 0 2 0 0 0 0 0/0 6:53 0:00 0:00
Brandon Burlon 0 0 0 0 0 0 0 1 0 0 0/0 9:43 0:00 0:23
Cody Eakin 0 0 0 0 0 0 1 0 0 0 0/0 8:19 0:00 0:16
Daniel Carcillo 0 0 0 0 2 1 1 0 1 0 0/0 8:18 0:00 0:58
Derick Brassard 0 1 1 -1 2 4 2 0 1 0 0/0 20:16 5:57 0:01
Drew Doughty 0 0 0 -1 2 5 5 3 0 0 0/0 29:57 5:56 4:33
Gilbert Brule 0 0 0 -1 0 1 3 0 0 0 5/11 18:38 4:35 2:31
Ilya Kovalchuk 0 0 0 -1 0 1 1 1 0 0 0/0 21:24 4:35 5:12
Jason Akeson 0 0 0 0 0 0 0 0 0 1 0/0 8:03 0:00 0:00
Jiri Fischer 0 0 0 0 0 0 0 0 1 1 0/0 9:20 0:00 0:00
Marcus Johansson 0 0 0 -2 2 3 3 0 0 1 0/1 18:38 4:35 1:54
Maxim Talbot 0 0 0 0 0 1 1 0 1 0 2/7 6:53 0:00 0:00
Michael Kostka 0 0 0 -1 0 1 0 1 1 0 0/0 20:19 4:36 3:35
Robert Nilsson 0 1 1 -1 0 1 0 2 1 0 21/39 25:29 5:57 5:26
Sam Gagner 1 0 1 0 0 1 1 1 1 1 0/0 19:25 5:57 0:00
Tyler Myers 0 0 0 -1 0 1 3 1 1 0 0/0 30:21 5:56 4:56
3 Stars
1 - Auston Matthews (Stl)
2 - Joonas Korpisalo (Stl)
3 - Tyler Johnson (Stl)
Power Play
Blues - 1 on 5 Attempt(s) - 20.00%
Canucks - 1 on 6 Attempt(s) - 16.67%
Penalty Kill
Blues - 5 on 6 Attempt(s) - 83.33%
- Score 0 goal in Penalty Kill
Canucks - 4 on 5 Attempt(s) - 80.00%
- Score 0 goal in Penalty Kill
Team Stat
Blues - Hits : 14 - Faceoff Wins : 30 - Blocked Shots : 15 - Penalty Minutes : 12
Canucks - Hits : 23 - Faceoff Wins : 28 - Blocked Shots : 10 - Penalty Minutes : 10
Official
Referees : Tom Chmielewski and Dan Kelly
Linesman : Tyson Baker and Derek Amell
Game Notes
Tyler Johnson has scored in a empty net!
Finance
Level 1 -- Attendance: 6000 (100.00%) -- Ticket Income $600,000
Level 2 -- Attendance: 4769 (95.38%) -- Ticket Income $286,140
Level 3 -- Attendance: 2000 (100.00%) -- Ticket Income $70,000
Level 4 -- Attendance: 3900 (97.50%) -- Ticket Income $97,500
Luxury Box -- Attendance: 1000 (100.00%) -- Ticket Income $200,000
Game was played at the Rodgers Arena.
Total Attendance: 17669 (98.16%)
Total Ticket Income: $1,253,640
Other Income: $188,046
Total Income: $1,441,686
Blues
5 vs 5 Forward
Center Left Wing Right Wing Time % Phy DF OF
1 Nicklas Backstrom Filip Forsberg Tyler Johnson 40 1 2 2
2 Auston Matthews David Perron Riley Sheahan 30 1 2 2
3 Devin Shore Matt Martin Anthony Mantha 20 1 2 2
4 Drew Shore Samuel Morin Nick Schmaltz 10 1 2 2
5 vs 5 Defense
Defense Defense Time % Phy DF OF
1 Alex Pietrangelo Ryan Murray 40 1 2 2
2 Jacob Slavin Cody Ceci 30 1 2 2
3 Martin Marincin Brandon Montour 20 1 2 2
4 Ryan Murray Brandon Montour 10 1 2 2
PowerPlay Forward
Center Left Wing Right Wing Time % Phy DF OF
1 Nicklas Backstrom Filip Forsberg Tyler Johnson 60 1 2 2
2 Auston Matthews David Perron Anthony Mantha 40 1 2 2
PowerPlay Defense
Defense Defense Time % Phy DF OF
1 Alex Pietrangelo Jacob Slavin 60 1 2 2
2 Brandon Montour Ryan Murray 40 1 2 2
Penalty Kill 4 Players Forward
Center Wing Time % Phy DF OF
1 Drew Shore Tyler Johnson 60 1 2 2
2 Riley Sheahan Samuel Morin 40 1 2 2
Penalty Kill 4 Players Defense
Defense Defense Time % Phy DF OF
1 Cody Ceci Martin Marincin 60 1 2 2
2 Ryan Murray Brandon Montour 40 1 2 2
Penalty Kill - 3 Players Forward
Forward Time % Phy DF OF
1 Riley Sheahan 60 1 2 2
2 Drew Shore 40 1 2 2
Penalty Kill - 3 Players Defense
Defense Defense Time % Phy DF OF
1 Cody Ceci Martin Marincin 60 1 2 2
2 Ryan Murray Brandon Montour 40 1 2 2
4 vs 4 Forward
Center Wing Time % Phy DF OF
1 Nicklas Backstrom Filip Forsberg 60 1 2 2
2 Devin Shore Tyler Johnson 40 1 2 2
4 vs 4 Defense
Defense Defense Time % Phy DF OF
1 Alex Pietrangelo Cody Ceci 60 1 2 2
2 Brandon Montour Ryan Murray 40 1 2 2
Last Minutes Offensive
Center Left Wing Right Wing Defense Defense
Nicklas Backstrom Filip Forsberg Tyler Johnson Alex Pietrangelo Jacob Slavin
Last Minutes Defensive
Center Left Wing Right Wing Defense Defense
Drew Shore Samuel Morin Tyler Johnson Cody Ceci Ryan Murray
Goaltenders
Starting : Joonas Korpisalo
Backup : Carey Price
Extra Forwards
Normal : Anthony Mantha, Auston Matthews, Nick Schmaltz - PP : Anthony Mantha, Devin Shore - PK : Nicklas Backstrom
Extra Defensemen
Normal : Martin Marincin, Brandon Montour, Jacob Slavin - PP : Brandon Montour - PK : Alex Pietrangelo, Brandon Montour
Penalty Shots
David Perron, Matt Martin, Auston Matthews, Filip Forsberg, Anthony Mantha
Scratches
Linus Omark (Healthy), Patrick Kaleta (Healthy), Peter Regin (Healthy)
Canucks
5 vs 5 Forward
Center Left Wing Right Wing Time % Phy DF OF
1 Robert Nilsson Derick Brassard Sam Gagner 58 1 2 2
2 Gilbert Brule Marcus Johansson Ilya Kovalchuk 27 1 2 2
3 Cody Eakin Alexander Semin Jason Akeson 10 1 2 2
4 Maxim Talbot Daniel Carcillo Brad Boyes 5 1 2 2
5 vs 5 Defense
Defense Defense Time % Phy DF OF
1 Drew Doughty Tyler Myers 56 1 2 2
2 Michael Kostka Alex Goligoski 23 1 2 2
3 Jiri Fischer Brandon Burlon 11 1 2 2
4 Drew Doughty Tyler Myers 10 1 2 2
PowerPlay Forward
Center Left Wing Right Wing Time % Phy DF OF
1 Robert Nilsson Derick Brassard Sam Gagner 60 1 2 2
2 Gilbert Brule Marcus Johansson Ilya Kovalchuk 40 1 2 2
PowerPlay Defense
Defense Defense Time % Phy DF OF
1 Drew Doughty Tyler Myers 60 1 2 2
2 Michael Kostka Alex Goligoski 40 1 2 2
Penalty Kill 4 Players Forward
Center Wing Time % Phy DF OF
1 Robert Nilsson Ilya Kovalchuk 60 1 2 2
2 Marcus Johansson Gilbert Brule 40 1 2 2
Penalty Kill 4 Players Defense
Defense Defense Time % Phy DF OF
1 Drew Doughty Tyler Myers 60 1 2 2
2 Michael Kostka Alex Goligoski 40 1 2 2
Penalty Kill - 3 Players Forward
Forward Time % Phy DF OF
1 Robert Nilsson 60 1 2 2
2 Ilya Kovalchuk 40 1 2 2
Penalty Kill - 3 Players Defense
Defense Defense Time % Phy DF OF
1 Drew Doughty Tyler Myers 60 1 2 2
2 Michael Kostka Alex Goligoski 40 1 2 2
4 vs 4 Forward
Center Wing Time % Phy DF OF
1 Robert Nilsson Ilya Kovalchuk 60 1 2 2
2 Marcus Johansson Gilbert Brule 40 1 2 2
4 vs 4 Defense
Defense Defense Time % Phy DF OF
1 Drew Doughty Tyler Myers 60 1 2 2
2 Michael Kostka Alex Goligoski 40 1 2 2
Last Minutes Offensive
Center Left Wing Right Wing Defense Defense
Robert Nilsson Derick Brassard Marcus Johansson Drew Doughty Tyler Myers
Last Minutes Defensive
Center Left Wing Right Wing Defense Defense
Robert Nilsson Derick Brassard Ilya Kovalchuk Drew Doughty Tyler Myers
Goaltenders
Starting : Alexandar Georgiev
Backup : Thomas McCollum
Extra Forwards
Normal : Alexander Semin, Jason Akeson, Daniel Carcillo - PP : Alexander Semin, Jason Akeson - PK : Daniel Carcillo
Extra Defensemen
Normal : Jiri Fischer, Brandon Burlon, Michael Kostka - PP : Jiri Fischer - PK : Brandon Burlon, Michael Kostka
Penalty Shots
Robert Nilsson, Derick Brassard, Marcus Johansson, Gilbert Brule, Ilya Kovalchuk
Scratches
Cameron Gaunce (Healthy)
% Time on Ice - Blues
Lines # - Real PCT - Wanted PCT - Time Play
Normal Forward
1 - 34% - 40% - 13:42
2 - 28% - 30% - 11:10
3 - 19% - 20% - 7:37
4 - 20% - 10% - 8:03
Normal Defense
1 - 40% - 40% - 16:10
2 - 27% - 30% - 10:49
3 - 25% - 20% - 10:20
4 - 8% - 10% - 3:13
PP Forward
1 - 57% - 60% - 4:49
2 - 43% - 40% - 3:42
PP Defense
1 - 67% - 60% - 5:40
2 - 33% - 40% - 2:51
PK Forward
1 - 77% - 60% - 8:08
2 - 23% - 40% - 2:24
PK Defense
1 - 61% - 60% - 6:25
2 - 39% - 40% - 4:07
PK3 Forward
1 - 0% - 60%
2 - 0% - 40%
PK3 Defense
1 - 0% - 60%
2 - 0% - 40%
44 Forward
1 - 0% - 60%
2 - 0% - 40%
44 Defense
1 - 0% - 60%
2 - 0% - 40%
Last Minute Offensive - 0:00
Last Minute Defensive - 0:25
Total
Forward - 60:00
Defense - 60:00
|
% Time on Ice - Canucks
Lines # - Real PCT - Wanted PCT - Time Play
Normal Forward
1 - 35% - 58% - 14:05
2 - 28% - 27% - 11:32
3 - 20% - 10% - 8:03
4 - 17% - 5% - 6:53
Normal Defense
1 - 47% - 56% - 19:05
2 - 30% - 23% - 12:08
3 - 23% - 11% - 9:20
4 - 0% - 10% - 0:00
PP Forward
1 - 56% - 60% - 5:57
2 - 44% - 40% - 4:35
PP Defense
1 - 56% - 60% - 5:56
2 - 44% - 40% - 4:36
PK Forward
1 - 70% - 60% - 6:00
2 - 30% - 40% - 2:31
PK Defense
1 - 58% - 60% - 4:56
2 - 42% - 40% - 3:35
PK3 Forward
1 - 0% - 60%
2 - 0% - 40%
PK3 Defense
1 - 0% - 60%
2 - 0% - 40%
44 Forward
1 - 0% - 60%
2 - 0% - 40%
44 Defense
1 - 0% - 60%
2 - 0% - 40%
Last Minute Offensive - 0:24
Last Minute Defensive - 0:00
Total
Forward - 60:00
Defense - 60:00
|
Play-by-Play
1st period
0:01 of 1st period - Robert Nilsson wins face-off versus Nicklas Backstrom in neutral zone.
0:26 of 1st period - Ilya Kovalchuk is hit by David Perron and loses puck.
1:01 of 1st period - Snap shot by Alexander Semin.
1:01 of 1st period - Stopped by Joonas Korpisalo without a rebound.
1:02 of 1st period - Robert Nilsson wins face-off versus Drew Shore in Blues zone.
1:29 of 1st period - Snap shot by Daniel Carcillo.
1:29 of 1st period - Shot Blocked by Tyler Johnson.
1:31 of 1st period - Wrist shot by Brandon Burlon.
1:31 of 1st period - Shot Blocked by Filip Forsberg.
2:54 of 1st period - Jacob Slavin is hit by Maxim Talbot and loses puck.
3:19 of 1st period - Jacob Slavin is hit by Drew Doughty and loses puck.
4:27 of 1st period - Wrist shot by Gilbert Brule.
4:27 of 1st period - Shot Blocked by Ryan Murray.
4:29 of 1st period - Slapshot by Marcus Johansson.
4:29 of 1st period - Stopped by Joonas Korpisalo with a rebound.
4:46 of 1st period - Wrist shot by Devin Shore.
4:46 of 1st period - Stopped by Alexandar Georgiev with a rebound.
4:48 of 1st period - Wrist shot by Matt Martin.
4:48 of 1st period - Stopped by Alexandar Georgiev with a rebound.
4:50 of 1st period - Snap shot by Devin Shore.
4:50 of 1st period - Stopped by Alexandar Georgiev without a rebound.
4:51 of 1st period - Nicklas Backstrom wins face-off versus Robert Nilsson in Canucks zone.
4:58 of 1st period - Slapshot by Alex Pietrangelo.
4:58 of 1st period - Shot Misses the Net.
5:00 of 1st period - Slapshot by Alex Pietrangelo.
5:00 of 1st period - Shot Blocked by Drew Doughty.
5:23 of 1st period - Snap shot by Derick Brassard.
5:23 of 1st period - Stopped by Joonas Korpisalo with a rebound.
5:49 of 1st period - Tyler Johnson is hit by Tyler Myers.
6:07 of 1st period - Robert Nilsson is hit by Filip Forsberg.
6:17 of 1st period - Snap shot by Nicklas Backstrom.
6:17 of 1st period - Stopped by Alexandar Georgiev with a rebound.
6:19 of 1st period - Snap shot by Tyler Johnson.
6:19 of 1st period - Shot Misses the Net.
6:21 of 1st period - Snap shot by Tyler Johnson.
6:21 of 1st period - Shot Blocked by Robert Nilsson.
6:37 of 1st period - Slapshot by Alex Pietrangelo.
6:37 of 1st period - Stopped by Alexandar Georgiev without a rebound.
6:38 of 1st period - Gilbert Brule wins face-off versus Auston Matthews in Canucks zone.
6:53 of 1st period - Wrist shot by Marcus Johansson.
6:53 of 1st period - Shot Misses the Net.
7:30 of 1st period - Slapshot by Maxim Talbot.
7:30 of 1st period - Deflect By Brad Boyes.
7:30 of 1st period - Shot Misses the Net.
7:30 of 1st period - Puck is out of play.
7:31 of 1st period - Maxim Talbot wins face-off versus Nick Schmaltz in Blues zone.
7:38 of 1st period - Snap shot by Maxim Talbot.
7:38 of 1st period - Deflect By Brad Boyes.
7:38 of 1st period - Stopped by Joonas Korpisalo with a rebound.
7:40 of 1st period - Slapshot by Maxim Talbot.
7:40 of 1st period - Deflect By Brad Boyes.
7:40 of 1st period - Shot Misses the Net.
7:40 of 1st period - Puck is out of play.
7:41 of 1st period - Gilbert Brule wins face-off versus Auston Matthews in Blues zone.
8:30 of 1st period - Snap shot by Daniel Carcillo.
8:30 of 1st period - Stopped by Joonas Korpisalo without a rebound.
8:31 of 1st period - Auston Matthews wins face-off versus Maxim Talbot in Blues zone.
8:42 of 1st period - Auston Matthews is hit by Tyler Myers and loses puck.
9:26 of 1st period - Snap shot by Matt Martin.
9:26 of 1st period - Stopped by Alexandar Georgiev with a rebound.
9:28 of 1st period - Slapshot by Brandon Montour.
9:28 of 1st period - Deflect By Anthony Mantha.
9:28 of 1st period - Shot Misses the Net.
9:28 of 1st period - Puck is out of play.
9:29 of 1st period - Robert Nilsson wins face-off versus Auston Matthews in Canucks zone.
10:22 of 1st period - Matt Martin is hit by Alex Goligoski and loses puck.
10:49 of 1st period - Snap shot by Maxim Talbot.
10:49 of 1st period - Stopped by Joonas Korpisalo without a rebound.
10:50 of 1st period - Robert Nilsson wins face-off versus Riley Sheahan in Blues zone.
10:55 of 1st period - Snap shot by Sam Gagner.
10:55 of 1st period - Shot Blocked by Brandon Montour.
11:02 of 1st period - Minor Penalty to Drew Doughty for Holding.
11:03 of 1st period - Nicklas Backstrom wins face-off versus Robert Nilsson in Canucks zone.
11:37 of 1st period - Snap shot by Auston Matthews.
11:37 of 1st period - Goal by Auston Matthews - Blues : 1 - Canucks : 0.
11:38 of 1st period - Nicklas Backstrom wins face-off versus Robert Nilsson in neutral zone.
11:41 of 1st period - Robert Nilsson is hit by Filip Forsberg and loses puck.
11:58 of 1st period - Drew Doughty is hit by Filip Forsberg.
12:12 of 1st period - Snap shot by Riley Sheahan.
12:12 of 1st period - Stopped by Alexandar Georgiev without a rebound.
12:13 of 1st period - Auston Matthews wins face-off versus Gilbert Brule in Canucks zone.
12:26 of 1st period - Wrist shot by Riley Sheahan.
12:26 of 1st period - Shot Blocked by Michael Kostka.
12:28 of 1st period - Slapshot by Martin Marincin.
12:28 of 1st period - Deflect By Alex Goligoski.
12:28 of 1st period - Stopped by Alexandar Georgiev with a rebound.
12:48 of 1st period - Slapshot by Alex Goligoski.
12:48 of 1st period - Shot Blocked by Ryan Murray.
12:50 of 1st period - Slapshot by Alex Goligoski.
12:50 of 1st period - Stopped by Joonas Korpisalo with a rebound.
12:52 of 1st period - Snap shot by Michael Kostka.
12:52 of 1st period - Deflect By Filip Forsberg.
12:52 of 1st period - Stopped by Joonas Korpisalo without a rebound.
12:53 of 1st period - Robert Nilsson wins face-off versus Nicklas Backstrom in Blues zone.
13:18 of 1st period - Riley Sheahan is hit by Drew Doughty and loses puck.
13:45 of 1st period - Anthony Mantha is hit by Ilya Kovalchuk and loses puck.
14:02 of 1st period - Sam Gagner is hit by Cody Ceci and loses puck.
14:11 of 1st period - Backhand shot by Nick Schmaltz.
14:11 of 1st period - Stopped by Alexandar Georgiev with a rebound.
14:23 of 1st period - Brandon Montour is hit by Tyler Myers and loses puck.
14:44 of 1st period - Brandon Montour is hit by Drew Doughty and loses puck.
15:28 of 1st period - Wrist shot by Nick Schmaltz.
15:28 of 1st period - Stopped by Alexandar Georgiev without a rebound.
15:29 of 1st period - Drew Shore wins face-off versus Robert Nilsson in Canucks zone.
15:40 of 1st period - Slapshot by Alex Pietrangelo.
15:40 of 1st period - Shot Hit the Post.
15:42 of 1st period - Slapshot by Alex Pietrangelo.
15:42 of 1st period - Shot Blocked by Robert Nilsson.
15:44 of 1st period - Backhand shot by Ryan Murray.
15:44 of 1st period - Shot Misses the Net.
15:54 of 1st period - Nicklas Backstrom is hit by Gilbert Brule and loses puck.
16:37 of 1st period - Slapshot by Alex Pietrangelo.
16:37 of 1st period - Shot Blocked by Tyler Myers.
16:39 of 1st period - Slapshot by Ryan Murray.
16:39 of 1st period - Shot Blocked by Drew Doughty.
16:51 of 1st period - Maxim Talbot is hit by Alex Pietrangelo and loses puck.
17:41 of 1st period - Icing by Tyler Myers.
17:42 of 1st period - Auston Matthews wins face-off versus Gilbert Brule in Canucks zone.
17:53 of 1st period - Wrist shot by Marcus Johansson.
17:53 of 1st period - Deflect By Gilbert Brule.
17:53 of 1st period - Shot Blocked by Brandon Montour.
17:53 of 1st period - Puck is out of play.
17:54 of 1st period - Nicklas Backstrom wins face-off versus Robert Nilsson in Blues zone.
18:21 of 1st period - Riley Sheahan is hit by Gilbert Brule and loses puck.
18:27 of 1st period - Minor Penalty to Marcus Johansson for Cross-checking.
18:28 of 1st period - Robert Nilsson wins face-off versus Nicklas Backstrom in Canucks zone.
18:34 of 1st period - Snap shot by Drew Doughty.
18:34 of 1st period - Shot Blocked by Jacob Slavin.
19:33 of 1st period - Icing by Brandon Montour.
19:34 of 1st period - Gilbert Brule wins face-off versus Nicklas Backstrom in Blues zone.
19:59 of 1st period - Slapshot by Alex Pietrangelo.
19:59 of 1st period - Stopped by Alexandar Georgiev with a rebound.
Goals for this period are 1 for Blues vs 0 for Canucks.
Shots for this period are 12 for Blues vs 8 for Canucks.
2nd period
0:01 of 2nd period - Nicklas Backstrom wins face-off versus Robert Nilsson in neutral zone.
0:16 of 2nd period - Snap shot by Filip Forsberg.
0:16 of 2nd period - Shot Misses the Net.
0:27 of 2nd period - Penalty to Marcus Johansson is over, Marcus Johansson is back on ice.
0:58 of 2nd period - Backhand shot by Drew Doughty.
0:58 of 2nd period - Stopped by Joonas Korpisalo without a rebound.
0:59 of 2nd period - Maxim Talbot wins face-off versus Nicklas Backstrom in Blues zone.
1:14 of 2nd period - Tyler Johnson is hit by Daniel Carcillo and loses puck.
1:33 of 2nd period - Wrist shot by Riley Sheahan.
1:33 of 2nd period - Shot Misses the Net.
1:35 of 2nd period - Wrist shot by Brandon Montour.
1:35 of 2nd period - Shot Misses the Net.
1:49 of 2nd period - Devin Shore is hit by Gilbert Brule.
2:26 of 2nd period - Minor Penalty to Nicklas Backstrom for Roughing.
2:27 of 2nd period - Robert Nilsson wins face-off versus Drew Shore in Blues zone.
4:18 of 2nd period - Backhand shot by Cody Ceci.
4:18 of 2nd period - Shot Misses the Net.
4:26 of 2nd period - Penalty to Nicklas Backstrom is over, Nicklas Backstrom is back on ice.
4:53 of 2nd period - Icing by Ryan Murray.
4:54 of 2nd period - Auston Matthews wins face-off versus Maxim Talbot in Blues zone.
4:58 of 2nd period - Minor Penalty to Daniel Carcillo for Interference.
4:59 of 2nd period - Auston Matthews wins face-off versus Robert Nilsson in Canucks zone.
6:58 of 2nd period - Penalty to Daniel Carcillo is over, Daniel Carcillo is back on ice.
7:11 of 2nd period - Icing by Daniel Carcillo.
7:12 of 2nd period - Drew Shore wins face-off versus Maxim Talbot in Canucks zone.
7:13 of 2nd period - Snap shot by Nick Schmaltz.
7:13 of 2nd period - Stopped by Alexandar Georgiev with a rebound.
7:26 of 2nd period - Icing by Brandon Montour.
7:27 of 2nd period - Robert Nilsson wins face-off versus Drew Shore in Blues zone.
7:28 of 2nd period - Wrist shot by Derick Brassard.
7:28 of 2nd period - Shot Blocked by Martin Marincin.
7:31 of 2nd period - Icing by Nick Schmaltz.
7:32 of 2nd period - Drew Shore wins face-off versus Robert Nilsson in Blues zone.
8:20 of 2nd period - Wrist shot by Tyler Johnson.
8:20 of 2nd period - Stopped by Alexandar Georgiev with a rebound.
8:26 of 2nd period - Brandon Montour is hit by Cody Eakin and loses puck.
8:49 of 2nd period - Sam Gagner is hit by Anthony Mantha.
9:07 of 2nd period - Wrist shot by Brad Boyes.
9:07 of 2nd period - Stopped by Joonas Korpisalo with a rebound.
9:46 of 2nd period - Off-side.
9:47 of 2nd period - Robert Nilsson wins face-off versus Auston Matthews in neutral zone.
9:50 of 2nd period - Snap shot by Drew Doughty.
9:50 of 2nd period - Stopped by Joonas Korpisalo with a rebound.
10:01 of 2nd period - Minor Penalty to Derick Brassard for Roughing.
10:02 of 2nd period - Robert Nilsson wins face-off versus Nicklas Backstrom in Canucks zone.
10:32 of 2nd period - Wrist shot by David Perron.
10:32 of 2nd period - Shot Misses the Net.
10:34 of 2nd period - Slapshot by Alex Pietrangelo.
10:34 of 2nd period - Stopped by Alexandar Georgiev with a rebound.
10:36 of 2nd period - Wrist shot by David Perron.
10:36 of 2nd period - Stopped by Alexandar Georgiev without a rebound.
10:37 of 2nd period - Nicklas Backstrom wins face-off versus Robert Nilsson in Canucks zone.
10:44 of 2nd period - Wrist shot by Nicklas Backstrom.
10:44 of 2nd period - Shot Misses the Net.
11:11 of 2nd period - Wrist shot by Gilbert Brule.
11:11 of 2nd period - Shot Misses the Net.
12:01 of 2nd period - Penalty to Derick Brassard is over, Derick Brassard is back on ice.
12:14 of 2nd period - Jason Akeson is hit by Nick Schmaltz and loses puck.
12:21 of 2nd period - Cody Eakin is hit by Samuel Morin and loses puck.
12:32 of 2nd period - Matt Martin is hit by Drew Doughty and loses puck.
13:09 of 2nd period - Slapshot by Tyler Myers.
13:09 of 2nd period - Deflect By Gilbert Brule.
13:09 of 2nd period - Shot Blocked by Martin Marincin.
13:09 of 2nd period - Puck is out of play.
13:10 of 2nd period - Devin Shore wins face-off versus Gilbert Brule in Blues zone.
13:10 of 2nd period - Devin Shore is hit by Marcus Johansson.
13:34 of 2nd period - Slapshot by Sam Gagner.
13:34 of 2nd period - Shot Blocked by Nicklas Backstrom.
13:38 of 2nd period - Snap shot by Derick Brassard.
13:38 of 2nd period - Stopped by Joonas Korpisalo without a rebound.
13:39 of 2nd period - Robert Nilsson wins face-off versus Nicklas Backstrom in Blues zone.
13:47 of 2nd period - Minor Penalty to Filip Forsberg for Interference.
13:48 of 2nd period - Robert Nilsson wins face-off versus Drew Shore in Blues zone.
13:52 of 2nd period - Slapshot by Drew Doughty.
13:52 of 2nd period - Shot Misses the Net.
13:54 of 2nd period - Slapshot by Tyler Myers.
13:54 of 2nd period - Stopped by Joonas Korpisalo without a rebound.
13:55 of 2nd period - Robert Nilsson wins face-off versus Drew Shore in Blues zone.
13:58 of 2nd period - Wrist shot by Robert Nilsson.
13:58 of 2nd period - Shot Misses the Net.
14:20 of 2nd period - Wrist shot by Derick Brassard.
14:20 of 2nd period - Shot Misses the Net.
14:22 of 2nd period - Snap shot by Robert Nilsson.
14:22 of 2nd period - Stopped by Joonas Korpisalo with a rebound.
14:24 of 2nd period - Wrist shot by Sam Gagner.
14:24 of 2nd period - Goal by Sam Gagner - Blues : 1 - Canucks : 1.
14:25 of 2nd period - Robert Nilsson wins face-off versus Nicklas Backstrom in neutral zone.
14:40 of 2nd period - Snap shot by Derick Brassard.
14:40 of 2nd period - Stopped by Joonas Korpisalo with a rebound.
14:42 of 2nd period - Snap shot by Robert Nilsson.
14:42 of 2nd period - Shot Misses the Net.
14:48 of 2nd period - Minor Penalty to Alex Pietrangelo for Holding.
14:49 of 2nd period - Robert Nilsson wins face-off versus Drew Shore in Blues zone.
14:50 of 2nd period - Snap shot by Derick Brassard.
14:50 of 2nd period - Deflect By Robert Nilsson.
14:50 of 2nd period - Deflect By Drew Shore.
14:50 of 2nd period - Shot Blocked by Cody Ceci.
14:50 of 2nd period - Puck is out of play.
14:51 of 2nd period - Robert Nilsson wins face-off versus Drew Shore in Blues zone.
16:23 of 2nd period - Snap shot by Nicklas Backstrom.
16:23 of 2nd period - Stopped by Alexandar Georgiev with a rebound.
16:48 of 2nd period - Penalty to Alex Pietrangelo is over, Alex Pietrangelo is back on ice.
16:53 of 2nd period - Alex Pietrangelo is hit by Alexander Semin.
17:27 of 2nd period - Minor Penalty to Anthony Mantha for Holding.
17:28 of 2nd period - Drew Shore wins face-off versus Robert Nilsson in Blues zone.
17:28 of 2nd period - Drew Shore is hit by Sam Gagner.
18:15 of 2nd period - Brandon Montour is hit by Derick Brassard and loses puck.
18:49 of 2nd period - Alex Goligoski is hit by Cody Ceci and loses puck.
19:07 of 2nd period - Icing by Derick Brassard.
19:08 of 2nd period - Riley Sheahan wins face-off versus Robert Nilsson in Canucks zone.
19:27 of 2nd period - Penalty to Anthony Mantha is over, Anthony Mantha is back on ice.
19:40 of 2nd period - Slapshot by Alex Pietrangelo.
19:40 of 2nd period - Stopped by Alexandar Georgiev without a rebound.
19:41 of 2nd period - Auston Matthews wins face-off versus Gilbert Brule in Canucks zone.
19:54 of 2nd period - Slapshot by Marcus Johansson.
19:54 of 2nd period - Shot Blocked by Auston Matthews.
19:56 of 2nd period - Snap shot by Ilya Kovalchuk.
19:56 of 2nd period - Stopped by Joonas Korpisalo with a rebound.
19:58 of 2nd period - Slapshot by Drew Doughty.
19:58 of 2nd period - Stopped by Joonas Korpisalo with a rebound.
Goals for this period are 0 for Blues vs 1 for Canucks.
Shots for this period are 6 for Blues vs 10 for Canucks.
3rd period
0:01 of 3rd period - Nicklas Backstrom wins face-off versus Robert Nilsson in neutral zone.
0:06 of 3rd period - Slapshot by Alex Pietrangelo.
0:06 of 3rd period - Stopped by Alexandar Georgiev without a rebound.
0:07 of 3rd period - Nicklas Backstrom wins face-off versus Robert Nilsson in Canucks zone.
0:37 of 3rd period - Off-side.
0:38 of 3rd period - Auston Matthews wins face-off versus Gilbert Brule in neutral zone.
0:41 of 3rd period - Wrist shot by Riley Sheahan.
0:41 of 3rd period - Goal by Riley Sheahan - Blues : 2 - Canucks : 1.
0:42 of 3rd period - Robert Nilsson wins face-off versus Nicklas Backstrom in neutral zone.
0:45 of 3rd period - Alex Pietrangelo is hit by Derick Brassard and loses puck.
0:49 of 3rd period - Icing by Tyler Johnson.
0:50 of 3rd period - Robert Nilsson wins face-off versus Nicklas Backstrom in Blues zone.
1:16 of 3rd period - Wrist shot by Tyler Johnson.
1:16 of 3rd period - Stopped by Alexandar Georgiev without a rebound.
1:17 of 3rd period - Auston Matthews wins face-off versus Gilbert Brule in Canucks zone.
1:56 of 3rd period - Wrist shot by Marcus Johansson.
1:56 of 3rd period - Stopped by Joonas Korpisalo without a rebound.
1:57 of 3rd period - Robert Nilsson wins face-off versus David Perron in Blues zone.
3:17 of 3rd period - Wrist shot by Sam Gagner.
3:17 of 3rd period - Shot Misses the Net.
4:39 of 3rd period - Slapshot by Drew Doughty.
4:39 of 3rd period - Stopped by Joonas Korpisalo with a rebound.
4:50 of 3rd period - Icing by Brad Boyes.
4:51 of 3rd period - Nicklas Backstrom wins face-off versus Maxim Talbot in Canucks zone.
4:58 of 3rd period - Filip Forsberg is hit by Drew Doughty.
5:10 of 3rd period - Wrist shot by Brad Boyes.
5:10 of 3rd period - Shot Misses the Net.
6:13 of 3rd period - Minor Penalty to Alexander Semin for Hooking.
6:14 of 3rd period - Robert Nilsson wins face-off versus Nicklas Backstrom in Canucks zone.
6:20 of 3rd period - Slapshot by Nicklas Backstrom.
6:20 of 3rd period - Shot Misses the Net.
6:22 of 3rd period - Snap shot by Tyler Johnson.
6:22 of 3rd period - Stopped by Alexandar Georgiev with a rebound.
6:24 of 3rd period - Backhand shot by Nicklas Backstrom.
6:24 of 3rd period - Shot Blocked by Ilya Kovalchuk.
6:49 of 3rd period - Off-side.
6:50 of 3rd period - Nicklas Backstrom wins face-off versus Marcus Johansson in neutral zone.
6:57 of 3rd period - Snap shot by Tyler Johnson.
6:57 of 3rd period - Shot Blocked by Drew Doughty.
6:59 of 3rd period - Snap shot by Alex Pietrangelo.
6:59 of 3rd period - Shot Misses the Net.
7:01 of 3rd period - Wrist shot by Nicklas Backstrom.
7:01 of 3rd period - Shot Misses the Net.
7:03 of 3rd period - Wrist shot by Tyler Johnson.
7:03 of 3rd period - Stopped by Alexandar Georgiev without a rebound.
7:04 of 3rd period - Nicklas Backstrom wins face-off versus Robert Nilsson in Canucks zone.
8:13 of 3rd period - Penalty to Alexander Semin is over, Alexander Semin is back on ice.
9:12 of 3rd period - Wrist shot by Tyler Johnson.
9:12 of 3rd period - Shot Blocked by Sam Gagner.
9:28 of 3rd period - Slapshot by Daniel Carcillo.
9:28 of 3rd period - Deflect By Brad Boyes.
9:28 of 3rd period - Shot Blocked by Ryan Murray.
9:28 of 3rd period - Puck is out of play.
9:29 of 3rd period - Drew Shore wins face-off versus Maxim Talbot in Blues zone.
10:22 of 3rd period - Snap shot by Jacob Slavin.
10:22 of 3rd period - Shot Misses the Net.
10:24 of 3rd period - Slapshot by Jacob Slavin.
10:24 of 3rd period - Shot Blocked by Brandon Burlon.
10:26 of 3rd period - Snap shot by Drew Shore.
10:26 of 3rd period - Shot Misses the Net.
10:28 of 3rd period - Snap shot by Samuel Morin.
10:28 of 3rd period - Shot Misses the Net.
10:30 of 3rd period - Backhand shot by Jacob Slavin.
10:30 of 3rd period - Deflect By Sam Gagner.
10:30 of 3rd period - Stopped by Alexandar Georgiev with a rebound.
10:32 of 3rd period - Slapshot by Cody Ceci.
10:32 of 3rd period - Stopped by Alexandar Georgiev without a rebound.
10:33 of 3rd period - Gilbert Brule wins face-off versus Nicklas Backstrom in Canucks zone.
10:40 of 3rd period - Gilbert Brule is hit by Filip Forsberg and loses puck.
11:02 of 3rd period - Snap shot by Marcus Johansson.
11:02 of 3rd period - Stopped by Joonas Korpisalo with a rebound.
11:20 of 3rd period - Wrist shot by Alex Pietrangelo.
11:20 of 3rd period - Shot Misses the Net.
11:34 of 3rd period - Nicklas Backstrom is hit by Marcus Johansson and loses puck.
11:39 of 3rd period - Slapshot by Drew Doughty.
11:39 of 3rd period - Shot Blocked by Alex Pietrangelo.
11:41 of 3rd period - Wrist shot by Gilbert Brule.
11:41 of 3rd period - Stopped by Joonas Korpisalo with a rebound.
11:43 of 3rd period - Slapshot by Drew Doughty.
11:43 of 3rd period - Stopped by Joonas Korpisalo without a rebound.
11:44 of 3rd period - Auston Matthews wins face-off versus Robert Nilsson in Blues zone.
12:29 of 3rd period - Minor Penalty to Drew Shore for Cross-checking.
12:30 of 3rd period - Nicklas Backstrom wins face-off versus Robert Nilsson in Blues zone.
14:18 of 3rd period - Icing by Drew Doughty.
14:19 of 3rd period - Robert Nilsson wins face-off versus Auston Matthews in Canucks zone.
14:29 of 3rd period - Penalty to Drew Shore is over, Drew Shore is back on ice.
14:42 of 3rd period - Wrist shot by Drew Shore.
14:42 of 3rd period - Stopped by Alexandar Georgiev with a rebound.
16:02 of 3rd period - Brandon Montour is hit by Marcus Johansson and loses puck.
16:31 of 3rd period - Minor Penalty to Matt Martin for Hooking.
16:32 of 3rd period - Drew Shore wins face-off versus Robert Nilsson in Blues zone.
18:15 of 3rd period - Drew Doughty is hit by Samuel Morin and loses puck.
18:31 of 3rd period - Penalty to Matt Martin is over, Matt Martin is back on ice.
18:38 of 3rd period - Alex Goligoski is hit by Ryan Murray and loses puck.
18:55 of 3rd period - Canucks, Alexandar Georgiev is pulled from the net.
18:55 of 3rd period - Snap shot by Drew Doughty.
18:55 of 3rd period - Shot Blocked by Cody Ceci.
18:57 of 3rd period - Snap shot by Derick Brassard.
18:57 of 3rd period - Stopped by Joonas Korpisalo without a rebound.
18:58 of 3rd period - Martin St-Louis call a timeout for Canucks.
18:58 of 3rd period - Drew Shore wins face-off versus Robert Nilsson in Blues zone.
19:13 of 3rd period - Slapshot by Tyler Johnson.
19:13 of 3rd period - Goal by Tyler Johnson - Blues : 3 - Canucks : 1.
19:13 of 3rd period - Alexandar Georgiev from Canucks was sent back in the game.
19:14 of 3rd period - Gilbert Brule wins face-off versus Devin Shore in neutral zone.
19:52 of 3rd period - Gilbert Brule is hit by Jacob Slavin and loses puck.
Goals for this period are 2 for Blues vs 0 for Canucks.
Shots for this period are 9 for Blues vs 6 for Canucks.